 Seeded DCSS version 0.28.0-62-gf88900778d (webtiles) character file.

Game seed: 16328663381186406878 (custom seed)

241 cbfl8 the Covert (level 6, 0/29 (36) HPs)
             Began as a Kobold Brigand on May 31, 2023.
             Was a Follower of Dithmenos.
             Slain by Edmund
             ... wielding a +1 dire flail of draining
              (3 damage)
             ... on level 4 of the Dungeon on June 1, 2023.
             The game lasted 00:07:23 (4421 turns).

cbfl8 the Covert (Kobold Brigand)                   Turns: 4421, Time: 00:07:23

HP:   0/29 (36)     AC:  6    Str:  6 (7)  XL:     6   Next: 30%
MP:   15/15         EV: 13    Int:  9 (12) God:    Dithmenos [*.....]
Gold: 179           SH:  6    Dex: 14 (17) Spells: 5/5 levels left

rFire   . . .      SeeInvis +   a - +2 dagger
rCold   . . .      Faith    .   v - +2 buckler
rNeg    . . .      Spirit   .   q - +2 robe of Ru's Envy {rElec Will+ Regen+ Str-3}
rPois   .          Reflect  .   (no helmet)
rElec   +          Harm     .   c - +0 cloak
rCorr   .          Rampage  .   b - +0 pair of gloves
Will    +....                   (no boots)
Stlth   +++++.....              (no amulet)
HPRegen 0.89/turn               i - ring of magical power
MPRegen 0.14/turn               j - ring of see invisible

@: on berserk cooldown, slowed, wreathed by umbra, heavily drained, very slow
A: small, no large weapons, nightstalker 3
a: Renounce Religion


You were on level 4 of the Dungeon.
You worshipped Dithmenos.
Dithmenos was aware of your devotion.
You visited 1 branch of the dungeon, and saw 4 of its levels.

You collected 179 gold pieces.

Inventory:

Hand Weapons
 a - a +2 dagger (weapon)
 p - a +1 dagger of holy wrath
Missiles
 d - 20 poisoned darts (quivered)
 e - 2 curare-tipped darts
Armour
 b - a +0 pair of gloves (worn)
 c - a +0 cloak (worn)
 q - the +2 robe of Ru's Envy (worn) {rElec Will+ Regen+ Str-3}
   (You found it on level 3 of the Dungeon)

   Str:       It affects your strength (-3).
   rElec:     It insulates you from electricity.
   Regen:     It increases your rate of health regeneration.
   Will:      It increases your willpower.
 r - +0 ice dragon scales
 v - a +2 buckler (worn)
Jewellery
 i - a ring of magical power (left hand)
 j - a ring of see invisible (right hand)
Wands
 l - a wand of iceblast (2)
Scrolls
 f - 2 scrolls of noise
 h - 5 scrolls of immolation
 n - a scroll of enchant armour
 o - a scroll of enchant weapon
 s - 2 scrolls of identify
Potions
 g - a potion of curing
 u - a potion of berserk rage


   Skills:
 + Level 2.5 Fighting
 + Level 3.9 Short Blades
 - Level 2.2 Throwing
 * Level 1.8 Armour
 + Level 1.7 Dodging
 * Level 8.0 Stealth
 * Level 1.5 Evocations


You had 5 spell levels left.
You didn't know any spells.
Your spell library contained the following spells:

 Spells                   Type           Power      Damage    Failure   Level
 Blink                    Tloc           0%         N/A       67%         2
 Frozen Ramparts          Ice            0%         1d2       88%         3
 Lesser Beckoning         Tloc           0%         N/A       88%         3
 Ice Form                 Ice/Tmut       0%         N/A       99%         4
 Summon Ice Beast         Ice/Summ       0%         N/A       99%         4
 Manifold Assault         Tloc           0%         N/A       100%        5


Dungeon Overview and Level Annotations

Branches:
Dungeon (4/15)
 Temple: D:4-7

Altars:
Dithmenos
Gozag
Zin

Annotations:
D:4 2 transporters, Edmund; Lutefisk's ghost, amateur BaSu


Innate Abilities, Weirdness & Mutations

You are small and have problems with some larger weapons.
You are completely attuned to the shadows.


Message History

Edmund barely misses you.
You closely miss Edmund. You block the iguana's attack.
Edmund closely misses you.
You puncture Edmund!
Edmund is moderately wounded.
Unknown command.
You hit Edmund but do no damage.
Edmund is moderately wounded.
The iguana bites you.
Edmund hits you with a +1 dire flail of draining!
You feel drained.
Unknown command.
You barely miss Edmund.
Edmund is lightly wounded.
You hit Edmund.
Edmund is moderately wounded.
The iguana closely misses you. You block Edmund's attack.
Unknown command.
You hit Edmund.
Edmund is moderately wounded.
The iguana bites you.
You barely miss Edmund.
Edmund is moderately wounded.
Edmund hits you with a +1 dire flail of draining!
You feel drained.
* * * LOW HITPOINT WARNING * * *
You closely miss Edmund.
Edmund is moderately wounded.
The iguana bites you!
* * * LOW HITPOINT WARNING * * *
Edmund closely misses you.
You feel a strong urge to attack something.
You are no longer berserk.
You are exhausted.
You feel yourself slow down.
You feel better. Edmund completely misses you.
Edmund hits you with a +1 dire flail of draining!
* * * LOW HITPOINT WARNING * * *
You feel drained.
You die...

#...# ###.######.###
##§..#####.....#.†.....
.§.§§§§.##.....#.##.##.
..§§§§§.##.....#.##.##.
.$§§§.§.##.....#.##....
#.#§§§§####.....#.#
###. #.#§.§.#
#######.#####.
#.#.§l@####### #.......
#...§..@.....# #######.
###.##.#####.# #.
#......# #.##### #.
#.###..# #.....######.
#.# #..# #.###........
#.###..#####.#
#########
#............#
##############


You could see Edmund and an iguana.

Vanquished Creatures
  2 hounds (D:4)
  7 adders
  3 gnolls (D:3)
  An adder skeleton (D:4)
  2 worms
  4 dart slugs
  2 orcs
  5 endoplasms
  2 giant cockroaches (D:1)
  9 goblins
  7 hobgoblins
  2 jackals (D:4)
  A quokka (D:3)
  5 ball pythons
  5 bats
  7 frilled lizards
  5 kobolds
  8 rats
77 creatures vanquished.

Notes
Turn   | Place    | Note
-------+----------+-------------------------------------------
     0 | D:1      | cbfl8 the Kobold Brigand began the quest for the Orb.
     0 | D:1      | Reached XP level 1. HP: 12/12 MP: 1/1
   168 | D:1      | Reached XP level 2. HP: 17/17 MP: 2/2
   859 | D:2      | Reached XP level 3. HP: 21/21 MP: 3/3
   929 | D:2      | Reached skill level 6 in Stealth
  1473 | D:2      | Reached XP level 4. HP: 22/26 MP: 4/4
  2262 | D:3      | Reached skill level 1 in Armour
  2331 | D:3      | Found a shadowy altar of Dithmenos.
  2345 | D:3      | Became a worshipper of Dithmenos the Shadowed
  2349 | D:3      | Identified the +2 robe of Ru's Envy {rElec Will+ Regen+
                  | Str-3}
  2437 | D:3      | Found a glowing silver altar of Zin.
  2483 | D:3      | Reached skill level 7 in Stealth
  2534 | D:3      | Reached skill level 1 in Evocations
  2547 | D:3      | Reached XP level 5. HP: 12/31 MP: 5/5
  3262 | D:3      | Found an opulent altar of Gozag.
  4106 | D:4      | Found a transporter.
  4108 | D:4      | Noticed Lutefisk's ghost (amateur BaSu)
  4170 | D:4      | Found a transporter.
  4206 | D:4      | Reached XP level 6. HP: 36/36 MP: 6/6
  4302 | D:4      | Reached * piety under Dithmenos
  4331 | D:4      | Reached skill level 8 in Stealth
  4399 | D:4      | Noticed Edmund
  4416 | D:4      | HP: 2/45 [iguana (10)]
  4421 | D:4      | Slain by Edmund

Illustrated notes

Levels and vault maps discovered:
D:1:      dpeg_arrival_tiny_g, layout_rooms, minmay_shallow_snake_nest
D:2:      kennysheep_the_goblin_king, layout_basic, minmay_pentomino_pile
D:3:      layout_loops_ring, grunt_gozag_statues, zin_scriptorium,
          grunt_dithmenos_smoke_and_mirrors, minmay_misc_feat_pillars
D:4:      layout_loops_cross, gammafunk_ghost_stat_death, uniq_edmund

Skill      XL: |  1  2  3  4  5  6 |
---------------+-------------------+-----
Short Blades   | 3 |  3.9
Stealth        | 6 7 8 |  8.0
Armour         | 1 |  1.8
Evocations     | 1 |  1.5
Fighting       | |  2.5
Throwing       | |  2.2
Dodging        | |  1.7

Action                   |  1- 3 |  4- 6 || total
-------------------------+-------+-------++-------
Melee: Dagger            |    75 |   153 ||   228
  Use: Scroll            |       |     7 ||     7
       Potion            |       |     4 ||     4
 Stab: Sleeping          |    23 |    21 ||    44
       Distracted        |     1 |     2 ||     3
Armor: Ring mail         |    15 |    36 ||    51
       Robe              |       |     6 ||     6
Dodge: Dodged            |    27 |    82 ||   109
Block: Buckler           |       |     4 ||     4
